 Dungeon Crawl Stone Soup version 0.20-a0-1089-g3fde505 (webtiles) character file.

2711 useraccount the Shield-Bearer (level 9, -4/69 HPs)
             Began as a Formicid Fighter on May 2, 2017.
             Was a Follower of Qazlal.
             Slain by an orc warrior
             ... wielding a +0 mace
              (8 damage)
             ... on level 6 of the Dungeon.
             The game lasted 00:06:28 (5886 turns).

useraccount the Shield-Bearer (Formicid Fighter)    Turns: 5886, Time: 00:06:28

Health: -4/69      AC: 10    Str: 24    XL:     9   Next: 98%
Magic:  0/13       EV:  9    Int:  8    God:    Qazlal [*.....]
Gold:   248        SH: 12    Dex: 10    Spells: 8/8 levels left

rFire    . . .     SeeInvis +   a - +0 war axe
rCold    . . .     Gourm    .   c - +0 shield
rNeg     . . .     Faith    .   z - +0 chain mail
rPois    +         Spirit   +   (helmet unavailable)
rElec    .         Reflect  .   (no cloak)
rCorr    .         Harm     .   (no gloves)
MR       .....                  (no boots)
Stlth    ..........             x - amulet of guardian spirit
Regen    0.3/turn               w - ring of poison resistance
MPRegen  0.2/turn               (no ring)

@: no status effects
A: permanent stasis, dig shafts and tunnels, four strong arms, antennae 3
a: Dig, Shaft Self, Renounce Religion


You were on level 6 of the Dungeon.
You worshipped Qazlal.
Qazlal was aware of your devotion.
You were very hungry.

You visited 2 branches of the dungeon, and saw 8 of its levels.

You collected 248 gold pieces.

Inventory:

Hand Weapons
 a - a +0 war axe (weapon)
 b - a +0 flail of holy wrath
Armour
 c - a +0 shield (worn)
 z - a +0 chain mail (worn)
Jewellery
 r - an uncursed amulet of magic regeneration
 w - a ring of poison resistance (left hand)
 x - an amulet of guardian spirit (around neck)
Wands
 o - a wand of confusion (30/48)
 B - a wand of polymorph (8/24)
Scrolls
 e - a scroll of enchant weapon {unknown}
 h - 3 scrolls of amnesia {unknown}
 k - 5 scrolls of identify {unknown}
 l - a scroll of random uselessness {unknown}
 q - a scroll of magic mapping {unknown}
 s - 2 scrolls of teleportation {unknown}
 u - 3 scrolls of blinking {unknown}
 y - a scroll of remove curse {unknown}
 C - a scroll of immolation {unknown}
 F - a scroll of fog {unknown}
 G - a scroll of torment {unknown}
Potions
 d - a potion of might
 i - 2 potions of magic {unknown}
 j - 2 potions of resistance {unknown}
 m - 2 potions of cancellation {unknown}
 n - 2 potions of haste {unknown}
 p - 5 potions of heal wounds {unknown}
 A - a potion of mutation {unknown}
Books
 E - a book of Flames

   Spells                             Type                      Level
   a - Flame Tongue                   Conjuration/Fire             1
   b - Throw Flame                    Conjuration/Fire             2
   c - Conjure Flame                  Conjuration/Fire             3
   d - Inner Flame                    Hexes/Fire                   3
   e - Sticky Flame                   Conjuration/Fire             4
   f - Fireball                       Conjuration/Fire             5
Comestibles
 f - 6 bread rations
 g - 4 royal jellies
 t - 25 fruits
 v - 2 meat rations


   Skills:
 - Level 6.0 Fighting
 * Level 7.0 Axes
 - Level 6.0 Armour
 + Level 4.0 Dodging
 + Level 7.3 Shields
 * Level 6.1 Invocations


You had 8 spell levels left.
You didn't know any spells.

Dungeon Overview and Level Annotations

Branches:
Dungeon (7/15)             Temple (1/1) D:5

Altars:
Ashenzari
Cheibriados
Dithmenos
Elyvilon
Fedhas
Hepliaklqana
Kikubaaqudgha
Makhleb
Okawaru
Qazlal
Ru
Sif Muna
Trog
Uskayaw
Vehumet
Wu Jian
Xom
Yredelemnul
Zin
The Shining One

Shops:
D:5 [


Innate Abilities, Weirdness & Mutations

You cannot be hasted, slowed, berserked, paralysed or teleported.
You can dig through walls and to a lower floor.
Your four strong arms can wield two-handed weapons with a shield.
You have a pair of large antennae on your head. (SInv)


Message History

You hit the orc warrior but do no damage.
* * * LOW HITPOINT WARNING * * *
You feel sick. You block the orc's attack. You block the orc warrior's attack.
You feel better. The orc hits you but does no damage.
You are poisoned.
The orc warrior hits you with a mace!
* * * LOW HITPOINT WARNING * * *
You feel better. You block the orc's attack.
The orc warrior hits you with a mace!
* * * LOW HITPOINT WARNING * * *
You closely miss the orc.
The orc is almost dead.
You hit the orc warrior. The orc hits you but does no damage.
The orc warrior hits you but does no damage.
You hit the orc.
You kill the orc!
Qazlal accepts your kill.
Your chain mail prevents you from hitting the orc warrior.
The orc warrior hits you with a mace!
You die...

#.....###### ##########
###.############......#.##
....# ##.......####....##
##### #.........###.....##
# #..#####...........### #
#..##..........#.....# #
#..##.##.........###.# #
#.....##o)....#.## #.# #
#.......@)####### #.#
###### #..######.##### #.#
.....# #..####.......# #.#
####.####.....<.......#
#.#
......................#
#.##
.......##.............#
###[[###
.......##...##........#
#......#
###..#......##........#
##.##..[#
.....####.####...(....#
#..##.#.#


You could see an orc warrior.

Vanquished Creatures
  Pikel (D:7)
  A troll (D:6)
  2 hippogriffs (D:6)
  Edmund (D:6)
  A water moccasin (D:6)
  Duvessa (D:6)
  An ice beast (D:6)
  A sky beast (D:5)
  A slave (D:7)
  An ogre (D:4)
  2 centaurs (D:5)
  Blork the orc (D:6)
  Dowan (D:6)
  2 scorpions
  A bullfrog zombie (D:6)
  2 crimson imps
  A hound (D:4)
  An orc priest (D:4)
  A jelly (D:6)
  3 orc wizards
  A bullfrog skeleton (D:4)
  An iguana (D:6)
  Ijyb (D:4)
  2 worker ants (D:6)
  A killer bee zombie (D:5)
  2 hound skeletons (D:6)
  A howler monkey zombie (D:5)
  6 gnolls
  9 adders
  An adder zombie (D:5)
  3 worms
  2 dart slugs (D:2)
  4 leopard geckos
  10 orcs
  3 ball pythons
  10 bats
  5 giant cockroaches
  9 goblins
  7 hobgoblins
  19 jackals
  A quokka (D:3)
  7 frilled lizards
  A giant cockroach zombie (D:5)
  9 kobolds
  3 rats
144 creatures vanquished.

Vanquished Creatures (others)
  A quokka (D:6)
1 creature vanquished.

Grand Total: 145 creatures vanquished

Notes
Turn   | Place    | Note
-------+----------+-------------------------------------------
     0 | D:1      | useraccount the Formicid Fighter began the quest for the Orb.
     0 | D:1      | Reached XP level 1. HP: 18/18 MP: 1/1
    33 | D:1      | Reached XP level 2. HP: 20/24 MP: 2/2
   412 | D:2      | Reached XP level 3. HP: 29/29 MP: 3/3
   492 | D:2      | Reached skill level 1 in Dodging
   852 | D:2      | Reached XP level 4. HP: 35/35 MP: 4/4
  1419 | D:3      | Found a glowing drain.
  1521 | D:3      | Reached XP level 5. HP: 34/42 MP: 5/5
  2304 | D:4      | Reached XP level 6. HP: 32/48 MP: 4/6
  2540 | D:4      | Noticed Ijyb
  2556 | D:4      | Killed Ijyb
  2556 | D:4      | Reached XP level 7. HP: 55/55 MP: 7/7
  2740 | D:4      | Reached skill level 5 in Shields
  2983 | D:5      | Entered Level 5 of the Dungeon
  3069 | D:5      | Found a blossoming altar of Fedhas.
  3551 | D:5      | Found Xiysyl's Antique Armour Shoppe.
  3763 | D:5      | Reached skill level 5 in Axes
  3763 | D:5      | Reached skill level 5 in Armour
  3763 | D:5      | Reached XP level 8. HP: 57/61 MP: 8/8
  3817 | D:5      | Found a hazy altar of Hepliaklqana.
  3827 | D:5      | Found a blossoming altar of Fedhas.
  3828 | D:5      | Found a radiant altar of Vehumet.
  3828 | D:5      | Found a shattered altar of Ashenzari.
  3829 | D:5      | Found a bloodstained altar of Trog.
  3829 | D:5      | Found a shimmering altar of Xom.
  3831 | D:5      | Found a hazy altar of Hepliaklqana.
  3831 | D:5      | Found a stormy altar of Qazlal.
  3832 | D:5      | Found a bloodstained altar of Trog.
  3832 | D:5      | Found a stormy altar of Qazlal.
  3833 | D:5      | Found a blossoming altar of Fedhas.
  3833 | D:5      | Found a bloodstained altar of Trog.
  3859 | D:5      | Became a worshipper of Qazlal Stormbringer
  3862 | D:5      | Found a staircase to the Ecumenical Temple.
  3870 | Temple   | Entered the Ecumenical Temple
  4008 | D:5      | Reached skill level 5 in Fighting
  4239 | D:5      | Reached skill level 1 in Invocations
  4275 | D:6      | Noticed Blork the orc
  4337 | D:6      | Killed Blork the orc
  4483 | D:6      | Noticed Edmund
  4493 | D:6      | Killed Edmund
  4611 | D:6      | Found a shattered altar of Ashenzari.
  4614 | D:6      | Noticed Dowan
  4619 | D:6      | Noticed Duvessa
  4630 | D:6      | Killed Duvessa
  4634 | D:6      | Killed Dowan
  4634 | D:6      | Reached XP level 9. HP: 26/68 MP: 4/11
  4841 | D:6      | Found a white marble altar of Elyvilon.
  4902 | D:6      | Noticed a troll
  4913 | D:6      | Killed a troll
  5477 | D:7      | Noticed a hippogriff
  5480 | D:7      | Reached * piety under Qazlal
  5484 | D:7      | Noticed a hippogriff
  5499 | D:6      | Killed a hippogriff
  5499 | D:6      | Reached skill level 5 in Invocations
  5672 | D:6      | Killed a hippogriff
  5859 | D:7      | Noticed Pikel
  5874 | D:7      | Killed Pikel
  5886 | D:6      | Slain by an orc warrior

Vault maps used:
D:1:      minmay_arrival_five_plusses
D:2:      dk_vineyard_1
D:3:      cheibrodos_sewer_entry_drain, first_bread
D:4:      uniq_ijyb
D:5:      lemuel_round_altar, temple_doors_ab, serial_shops,
          nicolae_shop_crystal, kennysheep_boxes
D:6:      ashenzari_conservatory_becter, elyvilon_altar_4, uniq_duvessa,
          uniq_edmund, uniq_blork_the_orc
D:7:      vehumet_altar_wand_db, grunt_ogre_cave, grunt_qazlal_clouds,
          uniq_pikel, uniq_prince_ribbit1, uniq_crazy_yiuf_cottage
Temple:   nicolae_temple_x_marks_the_god

Skill      XL: |  1  2  3  4  5  6  7  8  9 |
---------------+----------------------------+-----
Shields        | 4 5 6 7 |  7.3
Dodging        | 1 2 3 4 |  4.0
Fighting       | 4 5 6 |  6.0
Axes           | 3 4 5 7 |  7.0
Armour         | 4 5 6 |  6.0
Invocations    | 3 6 |  6.1

Action                   |  1- 3 |  4- 6 |  7- 9 || total
-------------------------+-------+-------+-------++-------
Melee: War axe           |    99 |   201 |   310 ||   610
  Use: Potion            |       |       |     3 ||     3
  Eat: Chunk             |       |     6 |     9 ||    15
       Fruit             |       |       |     1 ||     1
Armor: Scale mail        |    42 |    50 |       ||    92
       Chain mail        |       |    60 |   145 ||   205
       Skin              |       |     2 |       ||     2
Dodge: Dodged            |    43 |    69 |   116 ||   228
Block: Shield            |    65 |   131 |   221 ||   417
